 Dungeon Crawl Stone Soup version 0.30.0-5-g1a98f26d00 (webtiles) character file.

Game seed: 9981797437259384418

213234 backslashecho the Fencer (level 18, 0/154 HPs)
             Began as a Purple Draconian Monk on May 9, 2023.
             Was the Champion of Cheibriados.
             Succumbed to a redback's poison
             ... on level 4 of the Spider Nest.
             The game lasted 02:28:54 (36114 turns).

backslashecho the Fencer (Purple Draconian Monk)   Turns: 36114, Time: 02:28:55

Health: 0/154      AC: 14    Str: 30      XL:     18   Next: 26%
Magic:  26/28      EV: 32    Int: 23 (26) God:    Cheibriados [******]
Gold:   546        SH:  5    Dex: 35      Spells: 9/23 levels left

rFire   . . .        a - +6 double sword (heavy)
rCold   . . .        c - orb {light}
rNeg    . . .        (body armour unavailable)
rPois   +            (helmet restricted)
rElec   .            O - scarf {repulsion}
rCorr   +            h - +0 pair of gloves
SInv    .            x - +2 pair of boots
Will    +++..        C - amulet "Eggiqirch" {Reflect Will+ SH+5}
Stlth   +++          K - ring of resist corrosion
HPRegen 0.45/turn    Z - ring of poison resistance
MPRegen 0.21/turn

%: repel missiles, reflection
@: lethally poisoned (0 -> -23), wereblooded, glowing, studying Stealth, very
slow
A: breathe power, AC +10, unfitting armour, cold-blooded
}: 1/15 runes: decaying
a: Breathe Dispelling Energy, Renounce Religion, Bend Time, Temporal Distortion,
Slouch, Step From Time


You were on level 4 of the Spider Nest.
You worshipped Cheibriados.
Cheibriados was exalted by your worship.
You visited 5 branches of the dungeon, and saw 30 of its levels.
You also visited: Bailey and Ice Cave.

You collected 3636 gold pieces.
You spent 3090 gold pieces at shops.

Inventory:

Hand Weapons
 a - a +6 heavy double sword (weapon)
 b - a +2 sling of flaming
 e - a +1 dagger of freezing
 l - the +9 falchion of Trog's Benevolence {heavy, rF+}
   (You bought it in a shop on level 2 of the Orcish Mines)

   rF:        It protects you from fire.
 L - a +3 scimitar of flaming
 V - a +2 long sword of holy wrath
Missiles
 E - 50 poisoned darts (quivered)
 F - 3 curare-tipped darts
Armour
 c - an orb of light (worn)
 h - a +0 pair of gloves (worn)
 j - a +1 kite shield of cold resistance
 u - a +0 tower shield
 x - a +2 pair of boots (worn)
 O - a scarf of repulsion (worn)
Magical Staves
 p - a staff of air
Jewellery
 d - a ring of willpower
 w - a ring of flight
 y - a +4 ring of protection
 C - the amulet "Eggiqirch" (around neck) {Reflect Will+ SH+5}
   (You acquired it on level 3 of the Lair of Beasts)

   [amulet of reflection]

   It reflects blocked missile attacks.
   SH:        It affects your SH (+5).
   Will:      It increases your willpower.
 I - a ring of see invisible
 K - a ring of resist corrosion (left hand)
 M - a ring of protection from cold
 Q - a ring of fire
 Z - a ring of poison resistance (right hand)
Wands
 o - a wand of flame (43)
 B - a wand of iceblast (53)
 G - a wand of digging (12)
 P - a wand of paralysis (13)
Scrolls
 f - 2 scrolls of amnesia
 g - 2 scrolls of vulnerability
 k - a scroll of poison
 v - 6 scrolls of identify
 H - 13 scrolls of teleportation
 J - 4 scrolls of enchant armour
 N - a scroll of fog
 R - 4 scrolls of brand weapon
 S - a scroll of enchant weapon
 W - 4 scrolls of fear
 X - 2 scrolls of blinking
Potions
 i - 9 potions of attraction
 m - 6 potions of lignification
 n - 3 potions of might
 q - 2 potions of resistance
 r - 5 potions of ambrosia
 s - 10 potions of curing
 t - a potion of heal wounds
 z - 5 potions of flight
 A - 2 potions of magic
 D - 4 potions of mutation
 T - a potion of berserk rage
 U - 2 potions of invisibility
 Y - 2 potions of brilliance


   Skills:
 - Level 12.0 Fighting
 - Level 16.0 Long Blades
 - Level 6.0 Throwing
 - Level 15.0 Dodging
 + Level 13.0 Stealth
 - Level 9.0 Shields
 - Level 1.0 Unarmed Combat
 - Level 3.0 Spellcasting
 - Level 5.0 Conjurations
 - Level 4.0 Translocations
 - Level 6.0 Transmutations
 - Level 8.0 Ice Magic
 - Level 8.0 Air Magic
 - Level 3.0 Earth Magic
 - Level 14.0 Invocations
 + Level 8.3 Evocations


You had 9 spell levels left.
You knew the following spells:

 Your Spells              Type           Power      Damage    Failure   Level
a - Wereblood             Tmut           31%        N/A       1%          2
c - Lesser Beckoning      Tloc           42%        N/A       3%          2
d - Static Discharge      Conj/Air       66%        2-5/arc   1%          2
i - Freezing Cloud        Conj/Ice/Air   17%        6-21      19%         5
j - Apportation           Tloc           42%        N/A       2%          1
n - Passwall              Tmut/Erth      20%        N/A       2%          2

Your spell library contained the following spells:

 Spells                   Type           Power      Damage    Failure   Level
 Beastly Appendage        Tmut           62%        N/A       1%          1
 Ozocubu's Armour         Ice            40%        N/A       1%          3
 Momentum Strike          Conj/Tloc      48%        3d9       2%          2
 Sandblast                Erth           34%        2d9       3%          1
 Sting                    Tmut/Pois      68%        1d6       3%          1
 Ensorcelled Hibernation  Hex/Ice        42%        N/A       3%          2
 Poisonous Vapours        Pois/Air       42%        N/A       3%          2
 Kiss of Death            Conj/Necr      56%        2d9       4%          1
 Airstrike                Air            20%        2d(3-19)  4%          4
 Gell's Gravitas          Tloc           21%        N/A       7%          3
 Stone Arrow              Conj/Erth      42%        3d9       7%          3
 Teleport Other           Tloc           21%        N/A       7%          3
 Spider Form              Tmut/Pois      17%        N/A       10%         3
 Necrotise                Necr           12%        1d4       12%         1
 Summon Small Mammal      Summ           12%        N/A       12%         1
 Dazzling Flash           Conj/Hex       28%        N/A       12%         3
 Portal Projectile        Hex/Tloc       24%        N/A       16%         3
 Summon Lightning Spire   Summ/Air       21%        N/A       22%         4
 Blade Hands              Tmut           15%        N/A       26%         5
 Irradiate                Conj/Tmut      14%        3d16      32%         5
 Confusing Touch          Hex            3%         N/A       34%         3
 Inner Flame              Hex/Fire       3%         N/A       34%         3
 Tukima's Dance           Hex            3%         N/A       34%         3
 Silence                  Hex/Air        10%        N/A       52%         5
 Alistair's Intoxication  Tmut/Pois      11%        N/A       67%         5
 Yara's Violent Unravell  Hex/Tmut       8%         3d5       67%         5
 Anguish                  Hex/Necr       1%         N/A       75%         4
 Dispel Undead            Necr           3%         3d7       75%         4
 Olgreb's Toxic Radiance  Pois           3%         N/A       75%         4
 Agony                    Necr           3%         N/A       97%         5
 Dragon Form              Tmut           15%        N/A       100%        7
 Enfeeble                 Hex            1%         N/A       100%        7


Dungeon Overview and Level Annotations

Branches:
Dungeon (15/15)            Temple (0/1) D:4            Lair (5/5) D:11
  Swamp (4/4) Lair:2       Spider (4/4) Lair:3        Slime (0/5) Lair:4
    Orc (2/2) D:9             Elf (0/3) Orc:2        Vaults (0/5) D:13
 Depths (0/4) D:15         Bailey (visited)           IceCv (visited)

Altars:
Ashenzari
Cheibriados
Fedhas
Makhleb
Okawaru
Uskayaw
Vehumet
Wu Jian
The Shining One
Jiyva

Shops:
D:5 =:   D:7 =**   Orc:2 :([(=(

Annotations:
D:6 1 exclusion
D:7 3 runed translucent doors, GloriousHammer's ghost, amateur MfHs


Innate Abilities, Weirdness & Mutations

You can breathe bolts of dispelling energy.
Your rich purple scales are hard. (AC +10)
You cannot fit into any form of body armour.
You are cold-blooded and may be slowed by cold attacks.


Message History

Your Stealth skill increases to level 13!
You take 5 damage, and have 80/153 hp.
You open the tarantella like a pillowcase!!!!
You feel a bit better.
You kill the tarantella!
Cheibriados thoroughly appreciates the change of pace.
A freezing mist starts to gather...
A tarantella simulacrum comes into view.
You feel very sick. The redback misses you.
The wolf spider simulacrum completely misses you. x2
The redback bites you!
You take 10 damage, and have 70/153 hp.
You open the redback like a pillowcase!!!
You feel a bit better.
You kill the redback!
Cheibriados appreciates the change of pace.
A freezing mist starts to gather...
A redback simulacrum comes into view.
You feel very sick. The wolf spider simulacrum hits you!
The wolf spider simulacrum freezes you!!
* * * LOW HITPOINT WARNING * * *
The wolf spider simulacrum closely misses you.
The wolf spider simulacrum misses you. x2; The tarantella simulacrum hits you.
* * * LOW HITPOINT WARNING * * *
The tarantella simulacrum freezes you!
* * * LOW HITPOINT WARNING * * *
The wolf spider simulacrum hits you.
* * * LOW HITPOINT WARNING * * *
The wolf spider simulacrum freezes you!
* * * LOW HITPOINT WARNING * * *
The wolf spider simulacrum completely misses you.
Your life force feels restored.
You take 65 damage, and have 5/154 hp.
MASSIVE DAMAGE!!
Unknown command.
Unknown command.
Okay, then.
You are illuminated by a small divine halo.
You are lethally poisoned (5 -> -18).
Your melee attacks are strengthened by your wereblood.
You are glowing.
You are studying Stealth.
Your movement speed is very slow.
Your attack delay is about 1.0 (and cannot be improved with additional weapon skill).
Your damage rating with your +6 heavy double sword is about 84 (Base [15 + 12 (Hvy)] x 162% (Dex) x 158% (Skill) + 15 (Ench + Slay)).
Your base attributes are Str 15, Int 11, Dex 20.
Blink to where?
Press: ? - help, Dir - move target
As you read the scroll of blinking, it crumbles to dust.
You howl as the wereblood boils in your veins!
You die...

..##.....#.#~~....^~###.###. #
.....Z^.......^..^....#.#... ##
.##..†§Z....^#†#...........##.
#~..ZZ...^###.###..^......#^.
#^...^....##...##^...........
#.....^~^..##.....##........^..
^....^~~~............^.........
......~~~..##.....##.......###.
......^~...~##@..##............
##.....~....###.###..........#^
^~....... #^#~..#.........#
#.^.####........#
######...^..#....
####..^........^....
#.^....##.....^#....
#...................
##..^.....^#...#.#^^


You could see a tarantella simulacrum.

Vanquished Creatures
  Mara (Swamp:3)
  Saint Roka (Orc:2)
  Kirke (Lair:4)
  2 thorn hunters
  A frost giant (IceCv)
  2 fenstrider witches
  Donald (Lair:3)
  2 emperor scorpions
  5 ghost moths (Spider:2)
  2 orc warlords (Orc:2)
  4 broodmothers
  5 bunyips
  6 eleionomae
  2 spark wasps (Spider:4)
  An ettin (D:15)
  2 shambling mangroves (Swamp:4)
  6 entropy weavers
  3 catoblepae
  Erolcha (Orc:2)
  14 hydras
  2 ghost crabs
  2 jorogumos
  Erica (D:11)
  5 radroaches
  4 two-headed ogres
  6 alligators
  8 boulder beetles
  A deep troll shaman (Lair:5)
  A death scarab (Spider:2)
  7 tengu warriors
  An orc high priest (Orc:2)
  25 death yaks
  Sonja (Lair:4)
  Urug (Lair:3)
  Nergalle (Orc:1)
  A deep elf knight (Orc:2)
  16 spriggans
  7 goliath frogs
  A sun moth (Spider:1)
  7 pharaoh ants
  2 skysharks (Lair:5)
  4 skeletal warriors (D:15)
  8 orb spiders
  9 swamp dragons
  A death drake (Swamp:3)
  5 spriggan druids
  A deep troll (D:15)
  3 bog bodies
  A lindwurm (Lair:5)
  A wizard (Swamp:1)
  21 wolf spiders
  An orc knight (Orc:2)
  A harpy (shapeshifter) (D:13)
  3 necromancers
  6 steelbarb worms
  Pikel (D:6)
  3 deep elf pyromancers
  3 orc sorcerers
  3 cyclopes
  4 ugly things (D:15)
  2 manticores
  2 will-o-the-wisps
  3 moths of wrath
  3 elephants (Lair:5)
  An ice statue (IceCv)
  5 black mambas
  9 demonic crawlers
  5 torpor snails
  A gargoyle (D:11)
  An unseen horror (D:11)
  5 rime drakes (IceCv)
  15 cane toads
  2 efreet (D:15)
  9 komodo dragons
  A tengu conjurer (D:15)
  10 trolls
  7 meliai
  36 tarantellas
  4 bloated husks
  6 polar bears
  9 blink frogs
  5 tyrant leeches
  14 hornets
  13 dream sheep
  10 slime creatures (D:13)
  22 jumping spiders
  16 culicivoras
  Sigmund (D:3)
  2 shadows
  Eustachio (D:6)
  4 wraiths
  2 vampires
  6 basilisks
  4 fire bats (D:13)
  56 yaks
  8 wyverns
  Grum (D:8)
  3 steam dragons
  12 vampire mosquitoes
  Menkaure (D:7)
  41 redbacks
  5 wargs
  18 swamp worms
  2 acid dragons
  12 water moccasins
  A hell hound (D:13)
  11 swamp drakes
  5 black bears
  52 orc warriors
  An ice beast (D:7)
  3 sky beasts
  15 ogres
  5 centaurs
  23 wolves
  2 phantoms
  8 bullfrogs
  3 kobold brigands
  A gnoll sergeant (D:8)
  4 scorpions
  10 killer bees
  3 howler monkeys
  5 electric eels
  2 lava snakes (D:13)
  4 jellies
  19 orc priests
  2 sleepcaps
  2 hounds
  5 iguanas
  2 gnoll boudas
  Jessica (D:2)
  20 orc wizards
  5 hell rats (Lair:4)
  Terence (D:3)
  16 gnolls
  10 adders
  2 shadow imps
  3 white imps
  2 worms
  2 dart slugs
  86 orcs
  7 ball pythons
  6 endoplasms
  4 giant cockroaches
  8 goblins
  9 hobgoblins
  7 jackals
  35 kobolds
  6 quokkas
  5 bats
  A frilled lizard (D:3)
  5 rats
  2 fire vortices (D:13)
1067 creatures vanquished.

Vanquished Creatures (others)
  Louise (Swamp:3)
  A pharaoh ant (Spider:3)
  A will-o-the-wisp (Swamp:2)
  Maurice (D:8)
  A hornet (Swamp:3)
  A swamp worm (Swamp:2)
  A fire vortex (D:13)
  16 foxfires (Swamp:4)
23 creatures vanquished.

Grand Total: 1090 creatures vanquished

Notes
Turn   | Place    | Note
-------+----------+-------------------------------------------
     0 | D:1      | backslashecho the Draconian Monk began the quest for the
                  | Orb.
     0 | D:1      | Reached XP level 1. HP: 19/19 MP: 1/1
   181 | D:1      | Reached XP level 2. HP: 23/26 MP: 2/2
   770 | D:2      | Found a faded altar of an unknown god.
   779 | D:2      | Reached skill level 1 in Unarmed Combat
   943 | D:2      | Reached XP level 3. HP: 31/31 MP: 3/3
  1007 | D:2      | Noticed Jessica
  1130 | D:2      | Killed Jessica
  1147 | D:2      | Prayed at the altar of an unknown god.
  1147 | D:2      | Became a worshipper of Cheibriados the Contemplative
  1147 | D:2      | Reached * piety under Cheibriados
  1147 | D:2      | Reached ** piety under Cheibriados
  1214 | D:2      | Identified the +1 robe of Hedonism {Harm rCorr Int+8}
  1332 | D:2      | Reached XP level 4. HP: 37/40 MP: 4/4
  1409 | D:2      | Reached *** piety under Cheibriados
  1414 | D:2      | Reached skill level 4 in Long Blades
  1724 | D:3      | Noticed Terence
  1731 | D:3      | Killed Terence
  1732 | D:3      | Reached skill level 1 in Invocations
  1743 | D:2      | Reached XP level 5. HP: 28/46 MP: 5/5
  1829 | D:3      | Noticed a phantom
  1840 | D:3      | Killed a phantom
  1975 | D:3      | Reached skill level 5 in Long Blades
  2005 | D:3      | Reached **** piety under Cheibriados
  2097 | D:3      | Noticed Sigmund
  2117 | D:3      | Killed Sigmund
  2118 | D:3      | Reached XP level 6. HP: 43/52 MP: 6/8
  2490 | D:4      | Your scales start taking on a rich purple colour.
  2490 | D:4      | Reached XP level 7. HP: 50/59 MP: 9/9
  2583 | D:4      | Found a staircase to the Ecumenical Temple.
  2601 | D:4      | Reached skill level 6 in Long Blades
  3547 | D:5      | Entered Level 5 of the Dungeon
  3651 | D:5      | Reached skill level 7 in Long Blades
  3701 | D:5      | Reached XP level 8. HP: 53/66 MP: 11/11
  3704 | D:5      | Reached skill level 5 in Dodging
  3954 | D:5      | Found an ornate altar of the Wu Jian Council.
  4141 | D:5      | Found Peapsef's Self-Improvement Boutique.
  4543 | D:5      | Found Rouvaufi's Jewellery Shoppe.
  4549 | D:5      | Bought a ring of willpower for 325 gold pieces
  4642 | D:5      | Reached skill level 5 in Invocations
  4666 | D:6      | Found a glowing golden altar of the Shining One.
  4686 | D:6      | Reached skill level 8 in Long Blades
  4755 | D:6      | Noticed Pikel
  4786 | D:6      | Killed Pikel
  4787 | D:6      | Reached XP level 9. HP: 60/71 MP: 13/13
  4791 | D:6      | Learned a level 2 spell: Wereblood
  4890 | D:6      | Reached skill level 9 in Long Blades
  5150 | D:6      | Noticed Eustachio
  5173 | D:6      | Killed Eustachio
  5382 | D:6      | Reached ***** piety under Cheibriados
  5410 | D:6      | Learned a level 1 spell: Apportation
  5413 | D:6      | Learned a level 2 spell: Passwall
  5416 | D:6      | Learned a level 2 spell: Static Discharge
  5462 | D:6      | Reached skill level 1 in Transmutations
  5777 | D:7      | Noticed Menkaure
  5782 | D:7      | Killed Menkaure
  5812 | D:7      | Found Xoisagy's General Store.
  5812 | D:7      | Found Wiw Meo's Assorted Antiques.
  5812 | D:7      | Found Usistrum's Jewellery Shop.
  5895 | D:7      | Reached skill level 10 in Long Blades
  5938 | D:7      | Found a hide-covered altar of Uskayaw.
  5993 | D:7      | Bought a scroll labelled DIULUO YGREY for 25 gold pieces
  6160 | D:7      | Reached skill level 1 in Spellcasting
  6518 | D:7      | Noticed GloriousHammer's ghost (amateur MfHs)
  6519 | D:7      | Found a runed translucent gate.
  6519 | D:7      | Found a runed translucent gate.
  6519 | D:7      | Found a runed translucent gate.
  7079 | D:8      | Reached XP level 10. HP: 75/78 MP: 14/14
  7092 | D:8      | Found a flagged portal.
  7102 | Bailey   | Entered a bailey
  7280 | Bailey   | Reached skill level 1 in Earth Magic
  7692 | D:8      | Noticed Grum
  7701 | D:8      | Killed Grum
  7796 | D:8      | Noticed Maurice
  7812 | D:8      | Killed Maurice
  7813 | D:8      | Reached skill level 11 in Long Blades
  8624 | D:9      | Learned a level 1 spell: Beastly Appendage
  9051 | D:9      | Noticed a two-headed ogre
  9137 | D:9      | Killed a two-headed ogre
  9367 | D:9      | Reached skill level 12 in Long Blades
  9467 | D:9      | Found a staircase to the Orcish Mines.
  9660 | D:10     | Entered Level 10 of the Dungeon
  9857 | D:10     | Reached XP level 11. HP: 84/84 MP: 16/16
 10035 | D:10     | Found a blossoming altar of Fedhas.
 10117 | D:10     | Found a broken altar of Ashenzari.
 10117 | D:10     | Found a radiant altar of Vehumet.
 10118 | D:10     | Found a burning altar of Makhleb.
 10280 | D:10     | Identified the +1 leather armour of Tender Moments {rF-
                  | Will+ Regen+}
 10428 | D:11     | Found a staircase to the Lair.
 10433 | D:11     | Noticed Erica
 10454 | D:11     | Killed Erica
 10871 | D:11     | Reached skill level 13 in Long Blades
 11371 | Lair:1   | Entered Level 1 of the Lair of Beasts
 11463 | Lair:1   | Reached skill level 1 in Shields
 12250 | Lair:2   | Reached XP level 12. HP: 79/91 MP: 18/18
 12253 | Lair:2   | Reached skill level 14 in Long Blades
 12281 | Lair:2   | Found a frozen archway.
 12322 | IceCv    | Entered an ice cave
 12342 | IceCv    | Noticed a death yak
 12342 | IceCv    | Noticed a death yak
 12352 | IceCv    | Killed a death yak
 12360 | IceCv    | Killed a death yak
 12406 | IceCv    | Noticed a death yak
 12406 | IceCv    | Noticed a death yak
 12415 | IceCv    | Killed a death yak
 12416 | IceCv    | Reached skill level 10 in Invocations
 12420 | IceCv    | Killed a death yak
 12675 | IceCv    | Noticed a death yak
 12696 | IceCv    | Killed a death yak
 12725 | IceCv    | Noticed a death yak
 12736 | IceCv    | Killed a death yak
 12737 | IceCv    | Reached skill level 5 in Shields
 12744 | IceCv    | Noticed a death yak
 12757 | IceCv    | Killed a death yak
 12775 | IceCv    | Reached skill level 15 in Long Blades
 12843 | IceCv    | Noticed a frost giant
 12843 | IceCv    | Noticed a death yak
 12852 | IceCv    | Killed a death yak
 12858 | IceCv    | Killed a frost giant
 13211 | Lair:2   | Reached ****** piety under Cheibriados
 13272 | Lair:2   | Reached XP level 13. HP: 96/96 MP: 19/21
 13355 | Lair:2   | Found a staircase to the Swamp.
 13855 | Lair:3   | Found a hole to the Spider Nest.
 14267 | Lair:3   | Noticed Urug
 14284 | Lair:3   | Killed Urug
 14907 | Lair:4   | Noticed Sonja
 14911 | Lair:4   | Killed Sonja
 14916 | Lair:4   | Noticed Kirke
 15162 | Lair:3   | Identified a scroll of acquirement
 15266 | Lair:4   | Reached skill level 16 in Long Blades
 15418 | Lair:4   | Acquired the amulet "Eggiqirch" {Reflect Will+ SH+5}
 15436 | Lair:4   | Learned a level 2 spell: Lesser Beckoning
 15570 | Lair:4   | Noticed a sphinx
 15578 | Lair:4   | Killed Kirke
 15784 | Lair:4   | Found a staircase to the Slime Pits.
 15785 | Lair:4   | Found a viscous altar of Jiyva.
 15935 | Lair:5   | Entered Level 5 of the Lair of Beasts
 16051 | Lair:4   | Reached skill level 1 in Throwing
 16155 | Lair:4   | Reached skill level 5 in Fighting
 16342 | Lair:5   | Reached XP level 14. HP: 108/108 MP: 23/23
 16521 | Lair:5   | Reached skill level 1 in Stealth
 17590 | Lair:5   | Got the Information on Conjuration and the Deep Freeze
 17818 | Orc:1    | Entered Level 1 of the Orcish Mines
 17955 | D:5      | Bought a manual of Dodging for 1120 gold pieces
 18321 | Orc:1    | Noticed Nergalle
 18337 | Orc:1    | Killed Nergalle
 18579 | Orc:2    | Entered Level 2 of the Orcish Mines
 18579 | Orc:2    | Found Cesaorchy's Antique Weapon Shoppe.
 18610 | Orc:2    | Reached skill level 5 in Throwing
 18668 | Orc:2    | Found Alion's Jewellery Boutique.
 18717 | Orc:2    | Found a staircase to the Elven Halls.
 18848 | Orc:2    | Found Efyacvash's Antique Weapon Shop.
 19055 | Orc:2    | Reached skill level 10 in Fighting
 19105 | Orc:2    | Noticed Saint Roka
 19143 | Orc:2    | Killed Saint Roka
 19470 | Orc:2    | Found Ryddun's Book Shoppe.
 19526 | Orc:2    | Reached XP level 15. HP: 66/128 MP: 24/24
 19695 | Orc:2    | Reached skill level 5 in Stealth
 19814 | Orc:2    | Noticed Erolcha
 20104 | Orc:2    | Found Doexkadi's Antique Weapon Boutique.
 20107 | Orc:2    | Found Ilihenun's Antique Armour Shop.
 20448 | Orc:2    | Killed Erolcha
 20516 | Orc:2    | Bought a jewelled falchion for 240 gold pieces
 20516 | Orc:2    | Identified the +9 falchion of Trog's Benevolence {heavy,
                  | rF+} (You bought it in a shop on level 2 of the Orcish
                  | Mines)
 21870 | D:13     | Reached skill level 1 in Translocations
 21870 | D:13     | Reached skill level 5 in Transmutations
 22079 | D:13     | Found a gate to the Vaults.
 22205 | D:13     | Reached skill level 10 in Dodging
 22652 | D:13     | Identified the staff of fire "Qaepriupt" {rF+ Will+ Dex+3}
 23296 | D:15     | Entered Level 15 of the Dungeon
 23550 | D:15     | Found an iron altar of Okawaru.
 24071 | D:15     | Found a staircase to the Depths.
 25087 | Orc:2    | Bought a ring of poison resistance for 260 gold pieces
 25250 | Spider:1 | Entered Level 1 of the Spider Nest
 25282 | Spider:1 | Noticed Donald
 25459 | Spider:1 | Reached XP level 16. HP: 62/139 MP: 10/25
 25473 | Lair:3   | Killed Donald
 25719 | Spider:1 | Learned a level 5 spell: Freezing Cloud
 26042 | Spider:1 | Reached skill level 1 in Conjurations
 26906 | Swamp:1  | Entered Level 1 of the Swamp
 27377 | Swamp:1  | Reached skill level 5 in Conjurations
 27472 | Swamp:1  | Reached skill level 1 in Air Magic
 27583 | Swamp:1  | Reached skill level 15 in Dodging
 28060 | D:5      | Bought a manual of Stealth for 1120 gold pieces
 28939 | Swamp:2  | Noticed a thorn hunter
 28997 | Swamp:2  | Killed a thorn hunter
 28998 | Swamp:2  | Reached skill level 5 in Air Magic
 29178 | Swamp:2  | Reached skill level 1 in Ice Magic
 29540 | Swamp:2  | Reached skill level 1 in Evocations
 30032 | Swamp:3  | Reached XP level 17. HP: 137/146 MP: 25/27
 30569 | Swamp:4  | Entered Level 4 of the Swamp
 30743 | Swamp:4  | Noticed Louise
 30745 | Swamp:4  | Noticed Mara
 30758 | Swamp:3  | Killed Louise
 30949 | Swamp:4  | Noticed backslashecho's illusion
 30959 | Swamp:3  | Noticed backslashecho's illusion
 30967 | Swamp:3  | Killed Mara
 30968 | Swamp:3  | Reached skill level 5 in Ice Magic
 31950 | Swamp:4  | Reached skill level 10 in Stealth
 32035 | Swamp:4  | Reached skill level 5 in Evocations
 32387 | Swamp:4  | Got a decaying rune of Zot
 35521 | Spider:4 | Entered Level 4 of the Spider Nest
 35621 | Spider:4 | Reached XP level 18. HP: 154/154 MP: 28/28
 36113 | Spider:4 | HP: 5/153 [wolf spider simulacrum (16)]
 36114 | Spider:4 | Succumbed to a redback's poison

Illustrated notes

Levels and vault maps discovered:
D:1:      dpeg_arrival_tiny_c, layout_basic
D:2:      layout_basic, chequers_ecumenical_altar_simple, minmay_joined_circles,
          uniq_jessica
D:3:      layout_rooms, minmay_increasing_density, uniq_sigmund, uniq_terence
D:4:      layout_loops_corners, minmay_temple_entry_hall, minmay_misc_feat_room
D:5:      layout_basic, nicolae_wu_jian_wuxing_cycle, serial_shops,
          nicolae_shop_pleasant_corner_grove, st_stairs_10,
          nicolae_shop_self_help
D:6:      layout_loops_ring, tso_metal_star, chequers_serial_rivers_large_b,
          kennysheep_another_room, minmay_misc_feat_five,
          kennysheep_generic_room_10, uniq_eustachio, uniq_pikel
D:7:      layout_rooms, nicolae_uskayaw_dance_studio, gammafunk_ghost_split,
          kennysheep_small_spiral, nicolae_shop_distant_corner_stores,
          kennysheep_generic_room_9, uniq_menkaure
D:8:      layout_gridville, enter_bailey_1, minmay_hedge_maze, uniq_maurice,
          uniq_grum
D:9:      layout_roguey, david_orc_4, chequers_jeans
D:10:     statuecave_lemuel, layout_cross, gammafunk_temple_overflow_claw,
          fedhas_bush_and_centaur_altar, st_stairs_5
D:11:     layout_gridville, david_lair_shrubbed, uniq_erica
D:12:     layout_irregular_city, grunt_ministairs_1
D:13:     layout_stronghold, david_vaults_1, hangedman_incinerator
D:14:     layout_roguey, columned_hall_lemuel
D:15:     hangedman_depths_entry_civil_slaughter, layout_layer_cave,
          okawaru_ov_weapons_minmay
Lair:1:   layout_cellular_growth, st_stairs_9, chequers_serial_rivers_large_a,
          beast_lair_carwin_2
Lair:2:   layout_roguey, skrybe_swamp_entry_bodies,
          portal_ice_cave_entry_pillars_1, grunt_megastairs_1,
          serial_bayou_shore_b
Lair:3:   layout_gridlike, nicolae_spider_entry_lesser_pyramids,
          grunt_megastairs_3, uniq_urug
Lair:4:   layout_misc_corridors, dpeg_slime_entry_enclosed, uniq_kirke,
          uniq_sonja
Lair:5:   grunt_lair_end_beastmaster, layout_loops_ring
Swamp:1:  layout_falls_marsh, serial_swamp_ruin, hangedman_swamp_ruin_wall,
          evilmike_swamp_ruin_house_1, evilmike_swamp_ruin_house_3, swamp_pool1,
          grunt_hermit_hut, infiniplex_staircase_pool_2
Swamp:2:  layout_basic_swamp, nicolae_swamp_stair_fork, nicolae_swamp_no_escape,
          infiniplex_staircase_pool
Swamp:3:  layout_basic_swamp, nicolae_swamp_well_well_well
Swamp:4:  swamp, layout_basic_swamp, nicolae_swamp_stuck_in_the_mud,
          uniq_louise, uniq_mara
Spider:1: layout_spider_delve, einodemon_crawler_minivault, uniq_donald
Spider:2: layout_spider_delve, hangedman_spider_tarantella_strand
Spider:3: layout_spider_delve, nicolae_spider_cling_halls
Spider:4: hellmonk_spider_rune_endless_swarm
Orc:1:    nicolae_orc_accident_3, layout_diamond_mine, uniq_nergalle
Orc:2:    grunt_orc_community_town_hall, layout_diamond_mine,
          grunt_orc_community_big_house_2, grunt_orc_community_big_house_2,
          grunt_orc_community_house_2, grunt_orc_community_house_3,
          grunt_orc_community_house_1, grunt_orc_community_house_3,
          serial_shops, shop, nicolae_shop_advertising_works
          [nicolae_subvault_shop_adworks], abandoned_shop, elf_legates,
          uniq_erolcha, uniq_saint_roka

Skill      XL: |  1  2  3  4  5  6  7  8  9 10 11 12 13 14 15 16 17 18 |
---------------+-------------------------------------------------------+-----
Unarmed Combat | 1 |  1.0
Dodging        | 3 4 6 7 8 9 14 15 | 15.0
Fighting       | 4 5 10 12 | 12.0
Long Blades    | 4 5 7 8 10 12 13 15 16 | 16.0
Invocations    | 1 2 3 4 5 6 7 9 11 13 14 | 14.0
Transmutations | 3 4 6 |  6.0
Spellcasting   | 2 3 |  3.0
Earth Magic    | 3 |  3.0
Shields        | 2 5 8 9 |  9.0
Throwing       | 1 5 6 |  6.0
Stealth        | 4 5 8 11 13 | 13.0
Translocations | 4 |  4.0
Conjurations   | 5 |  5.0
Air Magic      | 5 7 8 |  8.0
Ice Magic      | 3 8 |  8.0
Evocations     | 2 7 8 |  8.3

Action                     |  1- 3 |  4- 6 |  7- 9 | 10-12 | 13-15 | 16-18 || total
---------------------------+-------+-------+-------+-------+-------+-------++-------
  Melee: Falchion          |    56 |   134 |   338 |   407 |   286 |    63 ||  1284
         Tailslap          |     8 |    16 |    78 |   165 |   245 |   158 ||   670
         Scimitar          |       |       |       |   326 |   844 |    58 ||  1228
         Kick              |       |       |       |    18 |    49 |     2 ||    69
         Headbutt          |       |       |       |     7 |    27 |       ||    34
         Dagger            |       |       |       |       |    10 |     6 ||    16
         Long sword        |       |       |       |       |    56 |       ||    56
         Double sword      |       |       |       |       |       |   646 ||   646
   Fire: Sling             |       |       |    21 |       |     3 |       ||    24
  Throw: Dart              |       |       |    10 |    22 |    28 |    11 ||    71
   Cast: Wereblood         |       |       |     2 |    15 |    33 |    13 ||    63
         Passwall          |       |       |       |     4 |       |     1 ||     5
         Beastly Appendage |       |       |       |     4 |     6 |     1 ||    11
         Lesser Beckoning  |       |       |       |       |     1 |    42 ||    43
         Freezing Cloud    |       |       |       |       |       |     1 ||     1
 Invoke: Slouch            |       |       |     2 |     3 |     9 |    12 ||    26
         Bend Time         |       |       |     1 |     4 |     1 |     1 ||     7
         Temporal Distorti |       |       |       |     4 |     3 |     3 ||    10
         Step From Time    |       |       |       |       |       |     1 ||     1
Ability: Breathe Dispellin |       |       |     1 |     9 |     4 |     4 ||    18
  Evoke: Wand              |       |       |    18 |    25 |    14 |     8 ||    65
    Use: Scroll            |       |       |    16 |     9 |     6 |     9 ||    40
         Potion            |       |       |     1 |     4 |       |     8 ||    13
   Stab: Sleeping          |       |       |     1 |     1 |    10 |     9 ||    21
         Paralysed         |       |       |       |     7 |       |       ||     7
         Invisible         |       |       |       |     3 |       |       ||     3
         Distracted        |       |       |       |     1 |     2 |     2 ||     5
         Petrified         |       |       |       |       |     7 |       ||     7
         Petrifying        |       |       |       |       |     1 |       ||     1
 Armour: Skin              |    19 |    26 |    92 |   179 |   123 |   136 ||   575
  Dodge: Dodged            |    43 |   116 |   244 |   653 |   573 |  1031 ||  2660
         Repelled          |       |       |       |       |     3 |    12 ||    15
  Block: Buckler           |       |       |     3 |   176 |       |       ||   179
         Kite shield       |       |       |       |    17 |  1203 |   867 ||  2087
         Reflection        |       |       |       |       |    13 |    13 ||    26
         Orb               |       |       |       |       |       |    39 ||    39
         Other             |       |       |       |       |       |     2 ||     2
